 Dungeon Crawl Stone Soup version 0.28.0-43-g3370ac3207 (webtiles) character file.

Game seed: 6971648058006907580

110 FrostSilk the Skirmisher (level 4, -8/41 HPs)
             Began as a Minotaur Berserker on Mar 9, 2022.
             Was a Believer of Trog.
             Killed by divine providence
             ... invoked by an orc priest
              (11 damage)
             ... on level 3 of the Dungeon.
             The game lasted 00:04:20 (2226 turns).

FrostSilk the Skirmisher (Minotaur Berserker)       Turns: 2226, Time: 00:04:21

Health: -8/41      AC:  4    Str: 24    XL:     4   Next: 61%
Magic:  3/3        EV: 12    Int:  4    God:    Trog [**....]
Gold:   107        SH:  0    Dex:  9    Spells: 3/3 levels left

rFire   . . .      SeeInvis .   a - +0 hand axe
rCold   . . .      Faith    .   (no shield)
rNeg    . . .      Spirit   .   b - +2 robe
rPois   .          Reflect  .   (helmet restricted)
rElec   .          Harm     .   (no cloak)
rCorr   .          Rampage  .   (no gloves)
Will    .....                   (no boots)
Stlth   +.........              (no amulet)
HPRegen 0.13/turn               (no ring)
MPRegen 0.08/turn               (no ring)

@: on berserk cooldown, slowed, very slow
A: horns 2, retaliatory headbutt
a: Renounce Religion, Berserk, Trog's Hand


You were on level 3 of the Dungeon.
You worshipped Trog.
Trog was pleased with you.
You visited 1 branch of the dungeon, and saw 3 of its levels.

You collected 107 gold pieces.

Inventory:

Hand Weapons
 a - a +0 hand axe (weapon)
Armour
 b - a +2 robe (worn)
 d - a +0 leather armour
Wands
 f - a wand of flame (5)
Potions
 c - a potion of curing
 e - 2 potions of magic {unknown}


   Skills:
 + Level 4.5 Fighting
 + Level 4.4 Axes
 + Level 3.5 Armour
 + Level 3.3 Dodging


You had 3 spell levels left.
You didn't know any spells.
Your spell library was empty.

Dungeon Overview and Level Annotations

Branches:
Dungeon (3/15)

Altars:

Annotations:
D:3 1 transporter


Innate Abilities, Weirdness & Mutations

You have a pair of horns on your head.
You reflexively headbutt those who attack you in melee.


Message History

f - a wand of flame (5)
You open the door.
A red film seems to cover your vision as you go berserk!
You feel yourself moving faster!
You feel mighty!
You feel a strong urge to attack something.
There is an open door here.
Why would you want to do that?
Found a runed scale mail.
You feel your anger nearly subside.
The shadow imp shouts, "Away with thee, thou puking toot-wallowing varlet!"
You enter the shallow water.
Moving in this stuff is going to be slow.
Found 27 gold pieces.
Found a transporter.
You are no longer berserk.
You are exhausted.
You feel yourself slow down.
Your unstable footing causes you to fumble your attack.
You completely miss the plant.
The plant begins to die.
You headbutt the plant!
The plant is lightly damaged.
The shadow imp spits at you.
The orc priest looks encouraged for a moment.
Your unstable footing causes you to fumble your attack.
The shadow imp grins evilly.
The orc priest mumbles some strange prayers to Beogh against you.
Pain shoots through your body!
A nearby plant withers and dies.
The shadow imp sputters.
You enter the shallow water.
Moving in this stuff is going to be slow.
The orc priest invokes the aid of Beogh against you.
Pain shoots through your body! The shadow imp gestures at you.
Pain shoots through your body!
* * * LOW HITPOINT WARNING * * *
The shadow imp gestures at you. Pain shoots through your body!
* * * LOW HITPOINT WARNING * * *
The orc priest invokes the aid of Beogh against you.
Beogh smites you!
You die...

.## #############...
#............... ..
#.##############
...#####.#8P#.5o....#≈8
...#.....#P.#≈≈≈≈≈≈≈#.P
.........#..#..≈≈≈?.#.$
........l#©.'@.≈⌠≈..+[©
#.......#..#..≈≈≈..#.$
#.#.....#P.#≈≈≈≈≈≈≈#.P
#.......#8P#5oo....#≈8
###.#...##############
###(#.#...............
#........############.
#...........#
#.......###.#


You could see 3 orc priests, 2 shadow imps and a frilled lizard.

Vanquished Creatures
  Jessica (D:2)
  4 adders
  4 dart slugs
  4 endoplasms
  4 goblins
  8 hobgoblins
  3 jackals (D:1)
  A kobold (D:1)
  A quokka (D:1)
  2 ball pythons
  A frilled lizard (D:2)
  6 rats
39 creatures vanquished.

Vanquished Creatures (others)
  A plant (D:3)
1 creature vanquished.

Grand Total: 40 creatures vanquished

Notes
Turn   | Place    | Note
-------+----------+-------------------------------------------
     0 | D:1      | FrostSilk the Minotaur Berserker began the quest for the
                  | Orb.
     0 | D:1      | Reached XP level 1. HP: 19/19 MP: 0/0
   138 | D:1      | Reached XP level 2. HP: 23/27 MP: 1/1
   527 | D:1      | Reached XP level 3. HP: 33/33 MP: 2/2
   801 | D:2      | Noticed Jessica
   807 | D:2      | Killed Jessica
  1323 | D:2      | Reached XP level 4. HP: 40/41 MP: 3/3
  1343 | D:2      | Reached ** piety under Trog
  2099 | D:3      | Found a transporter.
  2218 | D:3      | Found a transporter.
  2224 | D:3      | HP: 2/41 [shadow imp/nerve-wracking pain (9)]
  2226 | D:3      | Killed from afar by an orc priest

Illustrated notes

Levels and vault maps discovered:
D:1:      zaba_arrival_water, layout_loops_ring
D:2:      layout_loops_ring, uniq_jessica
D:3:      gammafunk_wand_slinger, layout_rooms,
          hellmonk_ecumenical_altar_watching_god, uniq_natasha

Skill      XL: |  1  2  3 |
---------------+----------+-----
Fighting       | 4 |  4.5
Axes           | 4 |  4.4
Armour         | 3 |  3.5
Dodging        | 3 |  3.3

Action                   |  1- 3 |  4- 6 || total
-------------------------+-------+-------++-------
Melee: Hand axe          |    54 |    35 ||    89
       Headbutt          |     7 |     4 ||    11
Invok: Berserk           |     1 |     1 ||     2
  Use: Potion            |     1 |       ||     1
       Scroll            |       |     1 ||     1
Armor: Animal skin       |     1 |       ||     1
       Leather armour    |     8 |       ||     8
       Robe              |     1 |     7 ||     8
Dodge: Dodged            |    33 |    29 ||    62
